Tarks, lawful male human Knight ---- --------- --..------ ---...--..--- |........| |...........--- |...----^----- ..-..).........-- --.-- --.....| ...............--- --- --.--...| ....%... .......| -.......| --...... ......| |.....-------- --<... .....- |....-- --..-- --.. ....| |....| |....| . ....-- ---- --...--- |....| .....--|..| |.....-----..--- --...--..-- --.|...| --...| ------ --.......| ----..-------.--- --.|..-. |.......| ...-- --..|.-- |...------....... .......-- .........G-- .. -.....|.|................#00#*.....-| |.-..........Gh@-----... ..--.........--------................--------............--.d..%%.| - ---.........................*.*.................--..---|.d.----- ---.--.-----------..-.......--------------.-------- ----- ------ ---- --- Tarks the Bachelor Experience level: 7 Strength: 25 Dexterity: 8 Constitution: 13 Intelligence: 9 Wisdom: 15 Charisma: 17 Health: 0(60) Energy: 47(47) AC: 4 Gold: 204 Moves: 2784 Your Inventory: Coins $ - 204 gold pieces Weapons a - an uncursed +1 long sword (weapon in hand) i - 7 [blessed +2] darts (in quiver) n - an [uncursed +0] aklys y - an [uncursed +0] aklys F - an [uncursed +0] aklys L - 14 [uncursed +0] darts O - an [uncursed +0] aklys P - 11 [cursed -2] arrows Q - an [uncursed +0] bow (alternate weapon; not wielded) T - 12 [uncursed +0] arrows Armor c - a blessed rusty +3 ring mail (being worn) e - an uncursed +0 small shield (being worn) f - an uncursed +0 pair of leather gloves z - an [uncursed] +0 pair of gauntlets of power (being worn) G - an [uncursed] +0 orcish helm (being worn) Comestibles g - 13 uncursed apples h - 10 uncursed carrots s - an [uncursed] tin [of werejackal meat] V - an [uncursed] tripe ration X - an [uncursed] food ration Scrolls H - 2 [uncursed] unlabeled scrolls [of blank paper] Potions k - an [uncursed] pink potion [of monster detection] w - a [blessed] potion of oil x - a [blessed] pink potion [of monster detection] Rings U - an uncursed [-2] obsidian ring [of increase accuracy] (on right hand) Wands N - an [uncursed] nickel wand [of cancellation (0:4)] Tools v - an [uncursed] lock pick K - an [uncursed] partly used [wax] candle (lit) R - 4 [uncursed tallow] candles Gems r - an [uncursed] green gem [worthless glass] t - an [uncursed] green gem [fluorite] C - 2 [uncursed] orange gems [worthless glass] D - an [uncursed] violet gem [worthless glass] J - an [uncursed] yellowish brown gem [worthless glass] M - 2 [uncursed] yellow gems [worthless glass] W - an [uncursed] red gem [garnet] Spells known in the end: Name Level Category Fail Memory Your skills at the end: Fighting Skills riding [Basic / Expert] Weapon Skills long sword [Basic / Expert] lance [Basic / Expert] Spellcasting Skills Final Attributes: You were piously aligned. Hunger level was 326. Your alignment was 23 / 23. Monster difficulty range was 1 - 7. Level difficulty was 7. You could jump. You had a -2 penalty to hit. You were fast. You were lucky (1). You are dead. Vanquished creatures: a quivering blob a wolf a werewolf 2 rock piercers a pony 5 gnome lords a red naga hatchling a paper golem a rabid rat a giant bat 3 orc zombies an acid blob 4 coyotes a gas spore a hobbit a large kobold a hobgoblin a giant rat a red mold 43 gnomes 3 garter snakes 2 gnome zombies 2 jackals a kobold a goblin 2 grid bugs a lichen 2 newts 86 creatures vanquished. Voluntary challenges: You were an atheist. You used a wielded weapon 91 times. You read items or engraved 2 times. You put on armor 6 times. You never genocided any monsters. You never polymorphed an object. You never changed form. You used no wishes. You never wrote Elbereth's name. You never encountered a bones level. You never used any Sokoban shortcuts. Dungeon overview: The Dungeons of Doom: levels 1 to 3 Level 1 a long staircase Level 2 a sink stairs to The Gnomish Mines The Gnomish Mines: levels 3 to 7 Level 3 stairs to The Dungeons of Doom Level 7 <- You were here History has recorded: On T:1 you entered the Dungeons of Doom to retrieve the Amulet of Yendor! On T:199 you reached level 2 of The Dungeons of Doom. On T:426 you reached level 3 of The Dungeons of Doom. On T:489 you reached level 1 of The Gnomish Mines. On T:498 you advanced to experience level 2. On T:503 you advanced to experience level 3. On T:769 you advanced to experience level 4. On T:885 you advanced to experience level 5. On T:1441 you reached level 2 of The Gnomish Mines. On T:1446 you advanced to experience level 6. On T:1777 you reached level 4 of The Gnomish Mines. On T:2016 you advanced to experience level 7. On T:2223 you reached level 3 of The Gnomish Mines. On T:2482 you reached level 5 of The Gnomish Mines. Latest messages: [HP-5=24] You see here a werewolf corpse. [HP+1=25] You hit the wolf! The wolf bites! [HP-8=17] You hit the wolf! The dwarf wields a dagger! You are hit by an arrow! [HP-5=12] As you read the scroll, it disappears. You feel like someone is helping you. As you read the scroll, it disappears. Your ring mail glows silver for a while. The wolf bites! The dwarf thrusts his dagger. The dwarf hits! The gnome swings her bow. The gnome hits! You die... Final status: Fare thee well Tarks the Knight... You died in The Gnomish Mines on dungeon level 7 with 2986 points, and 204 pieces of gold, after 2784 moves. You were level 7 with a maximum of 60 hit points when you died.